 Dungeon Crawl Stone Soup version 0.28.0-53-g5a82cb258f (webtiles) character file.

Game seed: 2320877710899296552

329 Tiocfaidh the Charlatan (level 6, 0/44 HPs)
             Began as a Vampire Artificer on May 28, 2022.
             Slain by an iguana (12 damage)
             ... on level 5 of the Dungeon.
             The game lasted 00:22:13 (3652 turns).

Tiocfaidh the Charlatan (Vampire Artificer)         Turns: 3652, Time: 00:22:14

Health: 0/44       AC:  5    Str: 13    XL:     6   Next: 25%
Magic:  6/6        EV: 11    Int: 14    God:
Gold:   147        SH:  0    Dex: 14    Spells: 5/5 levels left

rFire   . . .      SeeInvis +   z - +1 dagger (venom)
rCold   . . .      Faith    .   (no shield)
rNeg    . . .      Spirit   .   u - +0 ring mail
rPois   .          Reflect  .   (no helmet)
rElec   .          Harm     .   r - scarf {shadows}
rCorr   +          Rampage  .   (no gloves)
Will    .....                   (no boots)
Stlth   +.........              (no amulet)
HPRegen 0.34/turn               f - ring of see invisible
MPRegen 0.10/turn               k - ring of resist corrosion

@: healing quickly
A: alive, fangs 3, see invisible, vampiric 2
a: Exsanguinate


You were on level 5 of the Dungeon.
You visited 1 branch of the dungeon, and saw 5 of its levels.

You collected 147 gold pieces.

Inventory:

Hand Weapons
 z - a +1 dagger of venom (weapon)
Missiles
 s - 2 boomerangs
 w - 9 poisoned darts (quivered)
Armour
 r - a scarf of shadows (worn)
 u - a +0 ring mail (worn)
Jewellery
 f - a ring of see invisible (left hand)
 k - a ring of resist corrosion (right hand)
 v - a ring of flight
Wands
 c - a wand of flame (2)
 d - a wand of charming (15)
Scrolls
 a - a scroll of fear {unknown}
 h - 2 scrolls of blinking {unknown}
 i - a scroll of amnesia {unknown}
 m - a scroll of summoning {unknown}
 q - a scroll of enchant armour {unknown}
 t - 2 scrolls of teleportation {unknown}
 y - a scroll of silence {unknown}
Potions
 b - a potion of invisibility
 g - a potion of mutation {unknown}
 j - a potion of brilliance {unknown}
 l - a potion of heal wounds {unknown}
 n - 2 potions of ambrosia
 p - 2 potions of resistance
 x - 2 potions of curing {unknown}
Miscellaneous
 e - a piece from Xom's chessboard (15/15)


   Skills:
 + Level 2.0 Fighting
 + Level 3.1 Short Blades
 + Level 1.0 Maces & Flails
 + Level 2.9 Armour
 + Level 3.1 Dodging
 + Level 2.6 Stealth
 + Level 3.2 Evocations


You had 5 spell levels left.
You didn't know any spells.
Your spell library contained the following spells:

 Spells                   Type           Power      Damage    Failure   Level
 Freeze                   Ice            0%         1d3       52%         1
 Static Discharge         Conj/Air       0%         N/A       65%         2
 Frozen Ramparts          Ice            0%         1d2       87%         3
 Dispel Undead            Necr           0%         3d6       99%         4
 Hailstorm                Conj/Ice       0%         3d3       99%         4
 Sticky Flame             Conj/Fire      0%         2d3       99%         4


Dungeon Overview and Level Annotations

Branches:
Dungeon (5/15)             Temple (0/1) D:5

Altars:

Shops:
D:1 (

Annotations:
D:4 Edmund


Innate Abilities, Weirdness & Mutations

Your natural rate of healing is accelerated.
You have razor-sharp teeth.
You have supernaturally acute eyesight. (SInv)
You are afflicted with vampirism and can become a bat while bloodless.


Message History

You feel sick. The adder barely misses you.
You feel sick. The adder misses you.
Edmund says, "People will remember me!
They'll remember me and die!"
There is a stone staircase leading down here.
You can't go up here!
Unknown command.
You hit the adder.
You kill the adder!
You feel sick.
You feel sick.
You climb downwards.
You feel sick.
Found 6 poisoned darts.
Found a staircase to the Ecumenical Temple.
There is a stone staircase leading up here.
You start resting.
You feel sick. x3
You are no longer poisoned.
Found 8 gold pieces.
Found 13 gold pieces.
An iguana comes into view.
Found a chain mail.
The iguana hisses angrily.
There is a staircase to the Ecumenical Temple here.
The iguana barely misses you.
You hit the iguana but do no damage.
The iguana is poisoned.
You hit the iguana but do no damage.
The iguana looks as sick as possible!
You punch the iguana, but do no damage. You bite the iguana, but do no damage.
The iguana bites you!
You barely miss the iguana.
The iguana is lightly wounded.
The iguana bites you!
You hit the iguana but do no damage.
The iguana looks as sick as possible!
The iguana is lightly wounded.
The iguana bites you!
* * * LOW HITPOINT WARNING * * *
You hit the iguana but do no damage.
The iguana looks as sick as possible!
The iguana is lightly wounded.
The iguana barely misses you.
There is a staircase to the Ecumenical Temple here.
The iguana bites you!
You die...

... #### .....
....# ..#...
...[. $.
.#...###....#
................
.(... #.....#
.....###..@l.#
$......#.....#.
................#
.........###...##
....#....# ..##
... #<#..# ...#
#......#........
#..........#.#..#
##......#### #


You could see an iguana (extremely poisoned).

Vanquished Creatures
  A phantom (D:4)
  A water moccasin skeleton (D:4)
  A howler monkey (D:4)
  A hound (D:3)
  An orc wizard (D:3)
  4 adders
  A worm (D:4)
  A dart slug (D:1)
  2 orcs (D:3)
  7 bats
  7 endoplasms
  4 giant cockroaches
  9 goblins
  7 hobgoblins
  2 quokkas (D:2)
  7 ball pythons
  3 frilled lizards
  9 kobolds
  8 rats
76 creatures vanquished.

Vanquished Creatures (others)
  4 fungi (D:1)
  2 plants (D:1)
6 creatures vanquished.

Grand Total: 82 creatures vanquished

Notes
Turn   | Place    | Note
-------+----------+-------------------------------------------
     0 | D:1      | Tiocfaidh the Vampire Artificer began the quest for the
                  | Orb.
     0 | D:1      | Reached XP level 1. HP: 14/14 MP: 1/1
    70 | D:1      | Reached skill level 1 in Armour
   321 | D:1      | Reached XP level 2. HP: 13/20 MP: 2/2
   335 | D:1      | HP: 1/20 [kobold/+0 short sword (4)]
   520 | D:1      | Found a faded altar of an unknown god.
   566 | D:1      | Reached skill level 1 in Fighting
  1054 | D:1      | Found Xesiosch's Weapon Boutique.
  1063 | D:1      | Gained mutation: You are afflicted with vampirism and can
                  | become a bat while bloodless. [Vampire growth]
  1063 | D:1      | Reached XP level 3. HP: 21/26 MP: 3/3
  1567 | D:2      | Reached skill level 1 in Maces & Flails
  1659 | D:2      | Reached skill level 1 in Short Blades
  1816 | D:2      | Reached XP level 4. HP: 31/32 MP: 4/4
  3050 | D:4      | Reached XP level 5. HP: 34/37 MP: 5/5
  3139 | D:4      | Noticed a phantom
  3165 | D:4      | Killed a phantom
  3269 | D:4      | Noticed Edmund
  3336 | D:3      | Reached XP level 6. HP: 32/44 MP: 6/6
  3636 | D:5      | Entered Level 5 of the Dungeon
  3636 | D:5      | Found a staircase to the Ecumenical Temple.
  3652 | D:5      | Slain by an iguana

Illustrated notes

Levels and vault maps discovered:
D:1:      wander_arrival_peaceful_grave, layout_basic,
          shapermc_ecumenical_altar_mp_urbaneastern, serial_shops,
          nicolae_shop_bloodbath_and_beyond, minmay_hexomino_c4
D:2:      layout_basic
D:3:      layout_basic
D:4:      layout_cave_pods, old_standard_altar, uniq_pikel, uniq_edmund
D:5:      layout_cave_pools, lemuel_coloured_pillars_altar,
          minmay_temple_entry_tees

Skill      XL: |  1  2  3  4  5  6 |
---------------+-------------------+-----
Armour         | 1 2 |  2.9
Stealth        | 2 |  2.6
Evocations     | 3 |  3.2
Fighting       | 1 2 |  2.0
Maces & Flails | 1 |  1.0
Short Blades   | 1 2 3 |  3.1
Dodging        | 3 |  3.1

Action                   |  1- 3 |  4- 6 || total
-------------------------+-------+-------++-------
Melee: Club              |    72 |       ||    72
       Bite              |    12 |    16 ||    28
       Punch             |     2 |     2 ||     4
       Short sword       |    29 |       ||    29
       Dagger            |    49 |   134 ||   183
Throw: Dart              |       |     2 ||     2
Evoke: Wand              |     4 |     9 ||    13
  Use: Scroll            |       |     4 ||     4
 Stab: Sleeping          |     2 |       ||     2
Armor: Leather armour    |    10 |       ||    10
       Ring mail         |    18 |    45 ||    63
Dodge: Dodged            |    85 |    92 ||   177
